 Dungeon Crawl Stone Soup version 0.31-a0-960-g0fca184906 (webtiles) character file.

Game seed: 15509093677559389770

495732 Zlot the Warrior (level 23, -8/192 HPs)
             Began as a Demonspawn Berserker on Oct 22, 2023.
             Was the Champion of Trog.
             Mangled by a spriggan berserker
             ... wielding a +3 antimagic war axe
              (43 damage)
             ... on level 4 of the Depths on Oct 23, 2023.
             The game lasted 02:40:58 (68565 turns).

Zlot the Warrior (Demonspawn Berserker)            Turns: 68565, Time: 02:40:58

Health: -8/192     AC: 29    Str: 22    XL:     23   Next: 96%
Magic:  1/23       EV: 16    Int: 12    God:    Trog [******]
Gold:   6030       SH: 26    Dex: 28    Spells: 22/22 levels left

rFire   + + +        a - +11 demon blade "Hadimelu" {flame, rN+}
rCold   + . .        h - +2 tower shield
rNeg    + + +        d - +8 chain mail of Bodona {rCorr SInv}
rPois   +            G - -2 hat of the Alchemist {rElec rPois rF+ rC+ rN+ Will+ rMut rCorr}
rElec   +            H - +2 cloak
rCorr   +            k - +3 Mad Mage's Maulers {Infuse+∞ VampMP -Cast}
SInv    +            (boots unavailable)
Will    ++++.        s - amulet of Uqaklujo {Faith Rampage rF+ Str+3}
Stlth   +++          W - ring "Ifahitim" {rN+ Int+3 Dex+6}
HPRegen 1.52/turn    K - ring "Barph" {Fly rF+ Slay+2}
MPRegen 0.18/turn

%: no spellcasting, resist mutation, rampage, faith, infuse magic (1 MP)
@: strong-willed, flying, regenerating
A: hooves 3, slimy green scales 2, icemail 1, spiny 3, augmentation 1,
condensation shield
}: 2/15 runes: decaying, serpentine
a: Renounce Religion, Berserk, Trog's Hand, Brothers in Arms


You were on level 4 of the Depths.
You worshipped Trog.
Trog was exalted by your worship.
You visited 9 branches of the dungeon, and saw 41 of its levels.
You visited the Abyss 2 times.
You also visited: Desolation.

You collected 8952 gold pieces.
You spent 2922 gold pieces at shops.

Inventory:

Hand Weapons
 a - the +11 demon blade "Hadimelu" (weapon) {flame, rN+}
   (Trog gifted it to you on level 7 of the Dungeon)

   rN+:       It protects you from negative energy.
Missiles
 v - 6 darts of dispersal
 F - 22 curare-tipped darts
 M - 8 throwing nets
 O - 18 javelins
Armour
 d - the +8 chain mail of Bodona (worn) {rCorr SInv}
   (You bought it in a shop on level 2 of the Orcish Mines)

   SInv:      It lets you see invisible.
   rCorr:     It protects you from acid and corrosion.
 h - a +2 tower shield (worn)
 k - the +3 Mad Mage's Maulers (worn) {Infuse+∞ VampMP -Cast}
   (You bought it in a shop on level 11 of the Dungeon)

   Infuse+∞: It empowers its wearer's blows with all of their magic.
   VampMP:    Blows struck in melee replenish the wearer's magic.
   -Cast:     It prevents spellcasting.
 G - the -2 hat of the Alchemist (worn) {rElec rPois rF+ rC+ rN+ Will+ rMut rCorr}
   (You bought it in a shop on level 2 of the Orcish Mines)

   rF+:       It protects you from fire.
   rC+:       It protects you from cold.
   rElec:     It insulates you from electricity.
   rPois:     It protects you from poison rN+: It protects you from negative
   energy.
   Will+:     It increases your willpower.
   rCorr:     It protects you from acid and corrosion.
   rMut:      It protects you from mutation.
 H - a +2 cloak (worn)
Jewellery
 s - the amulet of Uqaklujo (around neck) {Faith Rampage rF+ Str+3}
   (You found it on level 2 of the Dungeon)

   [amulet of faith]

   Faith:     It allows you to gain divine favour quickly.
   Str+3:     It affects your strength (+3).
   rF+:       It protects you from fire.
   Rampage:   It bestows one free step when moving towards enemies.
 y - a ring of flight
 D - the ring of the Mage {Wiz Archmagi}
   (You found it on level 2 of the Depths)

   [ring of wizardry]

   Wiz:       It improves your spell success rate.
   Archmagi:  It increases the power of your magical spells.
   Trog disapproves of the use of such an item.
 K - the ring "Barph" (right hand) {Fly rF+ Slay+2}
   (You found it in the Desolation of Salt)

   [ring of protection from fire]

   Slay+2:    It affects your accuracy & damage with ranged weapons and melee
   (+2).
   rF+:       It protects you from fire.
   Fly:       It grants you flight.
 W - the ring "Ifahitim" (left hand) {rN+ Int+3 Dex+6}
   (You found it in the Desolation of Salt)

   [ring of dexterity]

   Int+3:     It affects your intelligence (+3).
   Dex+6:     It affects your dexterity (+6).
   rN+:       It protects you from negative energy.
Talismans
 e - a talisman of death
Wands
 b - a wand of acid (29)
 m - a wand of flame (7)
 E - a wand of charming (19)
 Q - a wand of mindburst (15)
 T - a wand of digging (18)
 Z - a wand of iceblast (36)
Scrolls
 c - 5 scrolls of identify
 g - 7 scrolls of revelation
 l - a scroll of immolation
 n - 2 scrolls of silence
 p - 21 scrolls of teleportation
 r - 5 scrolls of fear
 u - a scroll of torment
 w - a scroll of vulnerability
 x - 8 scrolls of blinking
 C - 9 scrolls of fog
 P - a scroll of enchant weapon
 R - 4 scrolls of poison
 X - 2 scrolls of summoning
Potions
 f - 5 potions of resistance
 i - 2 potions of attraction
 j - 16 potions of curing
 o - 3 potions of lignification
 q - 2 potions of ambrosia
 t - 5 potions of might
 A - 5 potions of haste
 I - a potion of berserk rage
 L - 2 potions of enlightenment
 N - 4 potions of magic
 S - 10 potions of heal wounds
Miscellaneous
 z - a condenser vane
 B - a phantom mirror
 V - a lightning rod (4/4)


   Skills:
 * Level 18.9 Fighting
 + Level 18.8 Long Blades
 - Level 7.0 Axes
 + Level 5.0 Throwing
 + Level 12.9 Armour
 + Level 10.6 Dodging
 + Level 11.5 Stealth
 * Level 17.8 Shields
 + Level 11.6 Unarmed Combat
 + Level 10.6 Evocations
 * Level 6.1 Shapeshifting


You had 22 spell levels left.
You didn't know any spells.
Your spell library contained the following spells:

 Spells                   Type           Power      Damage    Failure   Level
 Freeze                   Ice            0%         1d3       96%         1
 Magic Dart               Conj           0%         1d3       96%         1
 Shock                    Conj/Air       0%         1d3       96%         1
 Slow                     Hex            0%         N/A       96%         1
 Sting                    Tmut/Pois      0%         1d3       96%         1
 Cigotuvi's Dreadful Rot  Necr/Pois/Air  0%         N/A       99%         2
 Ensorcelled Hibernation  Hex/Ice        0%         N/A       99%         2
 Passwall                 Tmut/Erth      0%         N/A       99%         2
 Poisonous Vapours        Pois/Air       0%         N/A       99%         2
 Scorch                   Fire           0%         2d5       99%         2
 Searing Ray              Conj           0%         2d4       99%         2
 Static Discharge         Conj/Air       0%         3-3/arc   99%         2
 Sublimation of Blood     Necr           0%         N/A       99%         2
 Wereblood                Tmut           0%         N/A       99%         2
 Confusing Touch          Hex            0%         N/A       100%        3
 Dazzling Flash           Conj/Hex       0%         N/A       100%        3
 Ignite Poison            Fire/Tmut/Pois 0%         N/A       100%        3
 Inner Flame              Hex/Fire       0%         N/A       100%        3
 Ozocubu's Armour         Ice            0%         N/A       100%        3
 Sigil of Binding         Hex            0%         N/A       100%        3
 Stone Arrow              Conj/Erth      0%         3d7       100%        3
 Summon Guardian Golem    Hex/Summ       0%         N/A       100%        3
 Swiftness                Air            0%         N/A       100%        3
 Vampiric Draining        Necr           0%         2d6       100%        3
 Volatile Blastmotes      Fire/Tloc      0%         2d10      100%        3
 Airstrike                Air            0%         2d(0-16)  100%        4
 Anguish                  Hex/Necr       0%         N/A       100%        4
 Animate Armour           Summ/Erth      0%         N/A       100%        4
 Animate Dead             Necr           0%         N/A       100%        4
 Brom's Barrelling Bould  Conj/Erth      0%         2d3       100%        4
 Dispel Undead            Necr           0%         3d6       100%        4
 Flame Wave               Conj/Fire      0%         2d4       100%        4
 Fulminant Prism          Conj/Hex       0%         3d5       100%        4
 Iskenderun's Mystic Bla  Conj/Tloc      0%         2d3       100%        4
 Manifold Assault         Tloc           0%         N/A       100%        4
 Olgreb's Toxic Radiance  Pois           0%         N/A       100%        4
 Sticky Flame             Conj/Fire      0%         2d3       100%        4
 Summon Ice Beast         Ice/Summ       0%         N/A       100%        4
 Summon Lightning Spire   Summ/Air       0%         N/A       100%        4
 Vhi's Electric Charge    Tloc/Air       0%         N/A       100%        4
 Agony                    Necr           0%         N/A       100%        5
 Alistair's Intoxication  Tmut/Pois      0%         N/A       100%        5
 Arcjolt                  Conj/Air       0%         1d10      100%        5
 Borgnjor's Vile Clutch   Necr/Erth      0%         N/A       100%        5
 Fireball                 Conj/Fire      0%         3d3       100%        5
 Iskenderun's Battlesphe  Conj           0%         2d6       100%        5
 Lee's Rapid Deconstruct  Erth           0%         3d4*      100%        5
 Metabolic Englaciation   Hex/Ice        0%         N/A       100%        5
 Silence                  Hex/Air        0%         N/A       100%        5
 Summon Forest            Summ/Tloc      0%         N/A       100%        5
 Summon Mana Viper        Hex/Summ       0%         N/A       100%        5
 Conjure Ball Lightning   Conj/Air       0%         3x3d6     100%        6
 Death Channel            Necr           0%         N/A       100%        6
 Eringya's Noxious Bog    Tmut/Pois      0%         4d6       100%        6
 Plasma Beam              Fire/Air       0%         2x1d10    100%        6
 Simulacrum               Ice/Necr       0%         N/A       100%        6
 Starburst                Conj/Fire      0%         6d3       100%        6
 Summon Cactus Giant      Summ           0%         N/A       100%        6
 Haunt                    Necr/Summ      0%         N/A       100%        7
 Malign Gateway           Summ/Tloc      0%         N/A       100%        7
 Monstrous Menagerie      Summ           0%         N/A       100%        7
 Orb of Destruction       Conj           0%         9d5       100%        7
 Summon Hydra             Summ           0%         N/A       100%        7
 Infestation              Necr           0%         N/A       100%        8
 Lehudib's Crystal Spear  Conj/Erth      0%         10d2      100%        8
 Maxwell's Capacitive Co  Air            0%         ∞         100%        8
 Chain Lightning          Conj/Air       0%         N/A       100%        9
 Dragon's Call            Summ           0%         N/A       100%        9
 Fire Storm               Conj/Fire      0%         5d1       100%        9
 Polar Vortex             Ice            0%         N/A       100%        9
 Shatter                  Erth           0%         3d5*      100%        9


Dungeon Overview and Level Annotations

Branches:
Dungeon (15/15)            Temple (1/1) D:5            Lair (5/5) D:11
  Swamp (4/4) Lair:2        Snake (4/4) Lair:3        Slime (0/5) Lair:5
    Orc (2/2) D:10            Elf (2/3) Orc:2        Vaults (4/5) D:13
  Crypt (0/3) Vaults:2     Depths (4/4) D:15        Desolation (visited)
    Zot: Depths:4

Altars:
Ashenzari
Cheibriados
Dithmenos
Fedhas
Gozag
Hepliaklqana
Kikubaaqudgha
Makhleb
Nemelex Xobeh
Okawaru
Qazlal
Ru
Sif Muna
Trog
Uskayaw
Vehumet
Wu Jian
Xom
Yredelemnul
Jiyva

Shops:
D:1 =   D:4 !   D:5 *   D:6 :   D:8 *   D:11 *   D:13 [   D:15 !   Orc:1 [
Orc:2 (*[[   Elf:1 *   Elf:2 [   Snake:2 :   Vaults:2 =   Depths:1 [[

Portals:
Hell: Depths:1 Depths:2 Depths:3
Abyss: Depths:3
Pandemonium: Depths:2
Ziggurat: Depths:2
Trove: Elf:2 (give +7 demon whip)

Annotations:
Snake:4 1 runed translucent door, Wonea's ghost, journeyman FeSh
Elf:1 6 runed translucent doors
Elf:2 3 runed translucent doors


Innate Abilities, Weirdness & Mutations

You have hooves in place of feet.
You are mostly covered in slimy green scales. (AC +3)
A meltable icy envelope protects you from harm. (AC +0)
You are completely covered in sharp spines.
Your magical and physical power is slightly enhanced at high health.
A meltable shield of frost defends you. (SH +0)


Message History

The spriggan berserker rages.
The death yak rages.
You block the spriggan berserker's attack.
You block the death yak's attack.
The spriggan berserker rages.
The spriggan berserker attacks as it pursues you!
You block the spriggan berserker's attack.
The spriggan berserker hits you with a +3 antimagic war axe!!
* * * LOW HITPOINT WARNING * * *
You feel your power leaking away.
The spriggan berserker attacks as it pursues you!
You block the spriggan berserker's attack.
The spriggan berserker is struck by your spines.
The spriggan berserker hits you with a +3 antimagic war axe!!!
* * * LOW HITPOINT WARNING * * *
Blink to where?
Press: ? - help, Dir - move target
As you read the scroll of blinking, it crumbles to dust.
The death yak rages. x2
You reach down and close the door.
A spriggan berserker breaks down the door.
You feel much better.
The spriggan berserker is struck by your spines.
The spriggan berserker hits you with a +3 antimagic war axe!
* * * LOW HITPOINT WARNING * * *
You feel your power leaking away.
The spriggan berserker rages.
You block the spriggan berserker's attack.
Unknown command.
You feel much better.
The spriggan air mage waves its arms in wide circles.
The air twists around and strikes you!!
* * * LOW HITPOINT WARNING * * *
You block the spriggan berserker's attack.
Unknown command.
You slash the spriggan berserker! You burn the spriggan berserker.
You kick the spriggan berserker.
The spriggan berserker is severely wounded.
The spriggan berserker is struck by your spines.
The spriggan berserker hits you with a +3 antimagic war axe!!!
You die...

#.. #.≈≈≈§≈.. #.. #.≈###≈.. #..
#.≈# #§Yu #.# #.≈###≈u. #.#
#.≈≈§§≈.. ### #.###....§... # #.#
#.#.Yi....... #
#.####iD§.uD≈...≈. +
#@iYiyYu.......... #
#.###i#...≈.§.≈... # ##.#
#.#.....§§.... # ### ##..#
#.#.≈.§.§§..≈. # #.#####...#
#.#........... # #.........#
#.....§...≈... ######+#.....)...#
#.............
##........##+#######.#.§...≈...≈.
#..~~~~..##.....).[.............


You could see a brown very ugly thing, a fire dragon, 2 death yaks, a spark
wasp, a spriggan rider, 2 spriggan berserkers and a spriggan air mage (repels
missiles).

Vanquished Creatures
  Vv (Depths:3)
  Frederick (Depths:3)
  Vashnia (Snake:4)
  A golden dragon (Depths:3)
  Norris (Vaults:1)
  Nikola (Snake:3)
  3 bone dragons
  A tentacled monstrosity (Depths:3)
  A walking crystal tome (Depths:3)
  2 liches
  Zenata (Vaults:2)
  2 titans (Depths:3)
  Asterion (Vaults:1)
  Gastronok (D:9)
  The ghost of tish the Rich, an adept GnWn of Gozag (Elf:1)
  2 sphinxes
  3 shadow dragons
  2 tengu reavers
  A thorn hunter (Swamp:2)
  Roxanne (Swamp:1)
  A daeva (Abyss:2)
  2 fire giants (Depths:3)
  5 nagarajas
  A deep elf sorcerer (Vaults:4)
  5 iron dragons
  An imperial myrmidon (Desolation)
  A ghost moth (Abyss:2)
  7 frost giants
  Louise (Swamp:2)
  17 vault wardens
  4 spectral caustic shrikes (Depths:3)
  The ghost of ongoing the Severer, a journeyman HOBe of Trog (Lair:5)
  4 ghouls (Swamp:2)
  7 orc warlords
  13 very ugly things
  A cacodemon (Abyss:2)
  A spriggan defender (Depths:2)
  The ghost of Revguard the Fighter, a journeyman GrFi of the Shining One (Orc:2)
  A reaper (Depths:2)
  16 ironbound preservers
  10 stone giants
  A caustic shrike skeleton (Depths:1)
  8 ironbound thunderhulks
  The ghost of skelma the Fighter, a journeyman DrSh of Hepliaklqana (Lair:5)
  2 deep elf demonologists (Elf:1)
  5 bunyips
  A deep elf annihilator (Elf:2)
  16 starcursed masses (Abyss:2)
  11 dire elephants
  A red draconian (Abyss:2)
  6 eleionomae
  2 halazid warlocks (Desolation)
  8 ettins
  7 spark wasps
  A merfolk javelineer (Depths:2)
  2 deep elf high priests (Elf:1)
  15 ragged hierophants (Desolation)
  A deep elf death mage (Elf:1)
  Josephine (D:10)
  2 fire dragons
  A shambling mangrove (Swamp:4)
  4 rakshasas
  5 yaktaur captains
  2 entropy weavers
  13 peacekeepers (Desolation)
  4 ghost crabs
  4 great orbs of eyes
  4 ice dragons
  2 spriggan air magi (Depths:3)
  7 hydras
  Harold (D:9)
  10 vault guards
  4 servants of whispers (Desolation)
  13 anacondas
  4 ogre magi
  12 centaur warriors
  6 salamander tyrants
  11 alligators
  The ghost of Heedrag the Geomancer, a journeyman GrEE of Vehumet (Lair:1)
  Erolcha (D:10)
  3 ironbound frosthearts
  11 dancing weapons
  17 two-headed ogres
  4 boulder beetles
  12 deep troll earth magi
  A radroach (shapeshifter) (D:15)
  6 deep troll shamans
  17 naga sharpshooters
  A vampire mage (Depths:2)
  17 naga warriors
  6 tengu warriors
  7 large abominations (Abyss:2)
  6 spriggan berserkers
  7 shock serpents
  13 deep elf knights
  4 orc high priests
  Urug (D:10)
  Sonja (Orc:2)
  16 hell knights
  A wretched star (Abyss:2)
  5 skysharks
  18 iron trolls
  2 sea snakes (Snake:3)
  5 salamander mystics
  A sixfirhy (Abyss:2)
  A golden dragon zombie (Depths:2)
  4 goliath frogs
  5 spriggan druids
  2 death drakes (Swamp:2)
  57 deep trolls
  6 naga ritualists
  4 spectral hydras
  7 bog bodies
  2 shadow dragon zombies
  A glowing orange brain (Depths:1)
  2 flayed ghosts
  2 phantasmal warriors (Swamp:4)
  A tengu zombie (Vaults:2)
  4 swamp dragons
  5 arcanists
  23 ironbound convokers
  15 lindwurms
  5 harpies
  19 orc knights
  A harpy (shapeshifter) (D:13)
  9 deep elf archers
  21 deep elf pyromancers
  21 deep elf zephyrmancers
  4 orc sorcerers
  4 alligator zombies (Swamp:4)
  11 necromancers
  12 mana vipers
  24 ugly things
  5 cyclopes
  5 human zombies
  2 will-o-the-wisps
  An oklob plant (Lair:3)
  24 salamanders
  4 manticores
  15 elephants
  Maurice (D:13)
  Joseph (D:9)
  11 guardian serpents
  A water nymph (shapeshifter) (Depths:2)
  A fire giant skeleton (Depths:1)
  A frost giant skeleton (Depths:1)
  14 naga magi
  A titan simulacrum (Vaults:4)
  29 black mambas
  16 vault sentinels
  2 orange demons (Abyss:2)
  4 rust devils (Depths:2)
  A molten gargoyle (Desolation)
  2 gargoyles
  14 cane toads
  Psyche (D:10)
  5 swamp worm zombies (Swamp:4)
  37 yaktaurs
  2 rime drakes (Lair:4)
  5 hydra zombies (Swamp:4)
  3 kobold demonologists (D:13)
  8 komodo dragons
  4 red devils (Elf:2)
  3 freezing wraiths
  A tormentor (Abyss:2)
  8 tengu conjurers
  2 ancient zymes (Abyss:2)
  10 tyrant leeches
  A yaktaur skeleton (Vaults:4)
  A bloated husk (Swamp:2)
  9 meliai
  A meliai (shapeshifter) (Depths:1)
  Prince Ribbit (D:7)
  3 polar bears (Lair:5)
  13 trolls
  14 hornets
  A tarantella (Vaults:2)
  A glass eye (Depths:3)
  82 saltlings (Desolation)
  11 blink frogs
  2 spectral swamp dragons (Swamp:4)
  A fire giant simulacrum (Vaults:4)
  4 flying skulls (Abyss:2)
  A ynoxinul (Abyss:2)
  2 ettin skeletons
  21 spriggans
  Sigmund (D:4)
  32 slime creatures
  2 ettin zombies
  A shadow (D:7)
  4 air elementals
  12 water elementals
  5 wyverns
  6 basilisks
  A vampire (D:11)
  11 wraiths
  An elf zombie (Vaults:4)
  A spectral komodo dragon (Lair:2)
  47 yaks
  A redback (Vaults:4)
  A steam dragon (D:10)
  16 vampire mosquitoes
  A redback (shapeshifter) (Elf:2)
  6 wargs
  A spectral cane toad (Lair:2)
  18 swamp worms
  A glowing shapeshifter zombie (Vaults:1)
  2 small abominations (Abyss:2)
  46 nagas
  22 water moccasins
  A glowing shapeshifter skeleton (Vaults:1)
  34 orc warriors
  2 ettin simulacra
  3 swamp drakes
  A sky beast (D:8)
  3 black bears
  27 ogres
  12 boggarts
  2 swamp dragon zombies (Swamp:4)
  6 centaurs
  18 wolves
  A spectral rime drake (Lair:2)
  2 human skeletons
  9 phantoms
  5 kobold brigands
  12 bullfrogs
  2 spectral water moccasins (Lair:2)
  A necrophage (Swamp:2)
  5 earth elementals
  5 gnoll sergeants
  2 scorpions
  3 killer bees (D:9)
  7 howler monkeys
  4 crimson imps (D:6)
  A quasit (Abyss:2)
  An iron imp (Abyss:2)
  10 jellies
  13 hounds
  A sleepcap (D:7)
  33 orc priests
  7 gnoll boudas
  2 iguanas
  26 orc wizards
  A spectral swamp drake (Swamp:4)
  8 adders
  29 gnolls
  2 swamp drake zombies (Swamp:4)
  A shadow imp (Abyss:2)
  A white imp (D:6)
  4 ufetubi
  A worm (D:2)
  3 dart slugs
  81 orcs
  6 endoplasms
  3 giant cockroaches
  3 goblins
  7 hobgoblins
  2 jackals (D:2)
  4 quokkas
  5 ball pythons
  A frilled lizard (D:1)
  12 kobolds
  4 rats
  A lurking horror (Abyss:2)
1874 creatures vanquished.

Vanquished Creatures (collateral kills)
  A saltling (Desolation)
  3 orc warriors (D:12)
  2 orc priests (D:12)
  6 orcs (D:12)
12 creatures vanquished.

Vanquished Creatures (others)
  A spectral bunyip (Swamp:4)
  A goliath frog (Swamp:3)
  A deep elf pyromancer (Elf:1)
  2 bloated husks (Swamp:4)
  A tyrant leech (Swamp:4)
  A fire elemental (Elf:1)
  A boggart (Vaults:2)
  A phantom (Swamp:4)
  An orc (Elf:1)
  8 foxfires
18 creatures vanquished.

Grand Total: 1904 creatures vanquished

Notes
Turn   | Place    | Note
-------+----------+-------------------------------------------
     0 | D:1      | Zlot the Demonspawn Berserker began the quest for the Orb.
     0 | D:1      | Reached XP level 1. HP: 18/18 MP: 1/1
   296 | D:1      | Gained mutation: You are partially covered in sharp spines.
                  | [demonic ancestry]
   296 | D:1      | Reached XP level 2. HP: 19/24 MP: 2/2
   439 | D:1      | Found Poegg's Jewellery Shop.
   973 | D:2      | Reached XP level 3. HP: 22/29 MP: 3/3
  1437 | D:2      | Identified the amulet of Uqaklujo {Faith Rampage rF+ Str+3}
  1656 | D:3      | Found a hide-covered altar of Uskayaw.
  1719 | D:3      | Reached ** piety under Trog
  1748 | D:3      | Found a snail-covered altar of Cheibriados.
  1820 | D:3      | Gained mutation: A meltable shield of frost defends you.
                  | (SH +0) [demonic ancestry]
  1820 | D:3      | Reached XP level 4. HP: 35/37 MP: 4/4
  1846 | D:3      | Found a hazy altar of Hepliaklqana.
  2321 | D:4      | Noticed Sigmund
  2332 | D:4      | Killed Sigmund
  2333 | D:4      | Gained mutation: You are partially covered in slimy green
                  | scales. (AC +2) [demonic ancestry]
  2333 | D:4      | Reached XP level 5. HP: 45/46 MP: 5/5
  2333 | D:4      | Gained mutation: You have large cloven feet. [demonic
                  | ancestry]
  2333 | D:4      | Reached XP level 6. HP: 51/52 MP: 6/6
  2396 | D:4      | Found an ancient bone altar of Kikubaaqudgha.
  2615 | D:4      | Found a sparkling altar of Nemelex Xobeh.
  2743 | D:4      | Found Jacrism's Distillery.
  2751 | D:4      | Bought a potion of heal wounds for 70 gold pieces
  2751 | D:4      | Bought a potion of curing for 42 gold pieces
  2751 | D:4      | Bought a potion of haste for 140 gold pieces
  3016 | D:5      | Entered Level 5 of the Dungeon
  3040 | D:5      | Gained mutation: A meltable icy envelope protects you from
                  | harm. (AC +0) [demonic ancestry]
  3040 | D:5      | Reached XP level 7. HP: 56/60 MP: 7/7
  3045 | D:5      | Reached *** piety under Trog
  3050 | D:5      | Found an opulent altar of Gozag.
  3083 | D:5      | Found a staircase to the Ecumenical Temple.
  3097 | Temple   | Entered the Ecumenical Temple
  3488 | D:5      | Found Jimaozy's General Store.
  3560 | D:5      | Reached XP level 8. HP: 68/71 MP: 8/8
  3595 | D:5      | Noticed a two-headed ogre
  3606 | D:5      | Killed a two-headed ogre
  4275 | D:6      | Found a sacrificial altar of Ru.
  4294 | D:6      | Found a shadowy altar of Dithmenos.
  4367 | D:6      | Found a shimmering altar of Xom.
  4373 | D:6      | Reached **** piety under Trog
  4374 | D:6      | Reached skill level 1 in Unarmed Combat
  4375 | D:6      | Reached XP level 9. HP: 78/81 MP: 9/9
  4466 | D:6      | Found Qeoguj's Book Shop.
  4866 | D:7      | Noticed Prince Ribbit
  4879 | D:7      | Killed Prince Ribbit
  4880 | D:7      | Reached skill level 5 in Axes
  5013 | D:7      | Reached ***** piety under Trog
  5169 | D:7      | Reached skill level 1 in Stealth
  5396 | D:7      | Reached XP level 10. HP: 89/89 MP: 10/10
  5461 | D:7      | Noticed a cyclops
  5467 | D:7      | Killed a cyclops
  5656 | D:7      | Reached skill level 1 in Shields
  6065 | D:7      | Identified the +11 demon blade "Hadimelu" {flame, rN+}
                  | (Trog gifted it to you on level 7 of the Dungeon)
  6065 | D:7      | Received a gift from Trog
  6198 | D:7      | Reached skill level 1 in Long Blades
  6639 | D:8      | Found Atteroant's Assorted Antiques.
  6659 | D:8      | Found a stormy altar of Qazlal.
  6752 | D:8      | Found an iron altar of Okawaru.
  6994 | D:9      | Found a broken altar of Ashenzari.
  7022 | D:9      | Noticed Joseph
  7029 | D:9      | Killed Joseph
  7140 | D:9      | Noticed Harold
  7150 | D:9      | Killed Harold
  7151 | D:9      | Reached skill level 5 in Long Blades
  7395 | D:9      | Noticed Gastronok
  7407 | D:9      | Killed Gastronok
  7408 | D:9      | Reached XP level 11. HP: 52/95 MP: 11/11
  7868 | D:9      | Noticed a two-headed ogre
  7874 | D:9      | Killed a two-headed ogre
  8229 | D:10     | Entered Level 10 of the Dungeon
  8247 | D:10     | Received a gift from Trog
  8332 | D:10     | Found a bloodstained altar of Trog.
  8683 | D:10     | Found a shimmering blue altar of Sif Muna.
  8699 | D:10     | Noticed Erolcha
  8706 | D:10     | Killed Erolcha
  8767 | D:10     | Found a staircase to the Orcish Mines.
  8798 | D:10     | Noticed Josephine
  8802 | D:10     | Killed Josephine
  8814 | D:10     | Reached skill level 10 in Long Blades
  9048 | D:10     | Noticed Urug
  9059 | D:10     | Killed Urug
  9200 | D:10     | Noticed Psyche
  9203 | D:10     | Killed Psyche
  9476 | D:11     | Found a staircase to the Lair.
  9638 | D:11     | Reached skill level 1 in Throwing
  9638 | D:11     | Gained mutation: You are mostly covered in sharp spines.
                  | [demonic ancestry]
  9638 | D:11     | Reached XP level 12. HP: 87/101 MP: 12/12
  9899 | D:11     | Found Cut Viuc's Assorted Antiques.
 10341 | D:12     | Identified the +1 chain mail "Kuoz Wubi" {Rampage +Inv
                  | Will+}
 10736 | D:12     | Reached ****** piety under Trog
 10736 | D:12     | Received a gift from Trog
 10782 | D:13     | Found Keig's Antique Armour Shoppe.
 10794 | D:13     | Reached skill level 5 in Armour
 10871 | D:13     | Noticed a two-headed ogre
 10876 | D:13     | Killed a two-headed ogre
 11087 | Lair:1   | Entered Level 1 of the Lair of Beasts
 11176 | Lair:1   | Reached skill level 5 in Unarmed Combat
 11253 | Lair:1   | Noticed Heedrag's ghost (journeyman GrEE)
 11258 | Lair:1   | Found a runed translucent door.
 11754 | Lair:2   | Gained mutation: You have hoof-like feet. [demonic
                  | ancestry]
 11754 | Lair:2   | Reached XP level 13. HP: 73/108 MP: 13/13
 12023 | Lair:2   | Found a staircase to the Swamp.
 12041 | Lair:2   | Reached skill level 5 in Shields
 12227 | Lair:2   | Received a gift from Trog
 12899 | Lair:3   | Found a staircase to the Snake Pit.
 13637 | Lair:4   | Identified the of Puugacim
 13648 | Lair:4   | Identified a scroll of acquirement
 13648 | Lair:4   | Acquired 1167 gold pieces
 13749 | D:11     | Bought the +3 Mad Mage's Maulers {Infuse+∞ VampMP -Cast}
                  | for 1200 gold pieces
 13749 | D:11     | Found the +3 Mad Mage's Maulers {Infuse+∞ VampMP -Cast}
 13749 | D:11     | Bought a scroll of blinking for 225 gold pieces
 13749 | D:11     | Bought a scroll of identify for 60 gold pieces
 13749 | D:11     | Bought a scroll labelled YSOCE DUIFRU for 30 gold pieces
 13828 | D:8      | Bought a scroll of identify for 56 gold pieces
 14474 | Lair:4   | Reached skill level 5 in Dodging
 14652 | Lair:4   | Identified the +3 leather armour of the Black Skies {+Blink
                  | rElec}
 15505 | Lair:5   | Entered Level 5 of the Lair of Beasts
 15738 | Lair:5   | Gained mutation: You are completely covered in sharp
                  | spines. [demonic ancestry]
 15738 | Lair:5   | Reached XP level 14. HP: 116/116 MP: 3/14
 15742 | Lair:5   | Received a gift from Trog
 16165 | Lair:5   | Reached skill level 5 in Throwing
 16513 | Lair:5   | Received a gift from Trog
 16521 | Lair:5   | Found a basalt altar of Yredelemnul.
 16906 | Lair:5   | Found a runed translucent gate.
 16907 | Lair:5   | Found a runed translucent gate.
 16908 | Lair:5   | Found a runed translucent gate.
 16909 | Lair:5   | Noticed ongoing's ghost (journeyman HOBe)
 16909 | Lair:5   | Noticed skelma's ghost (journeyman DrSh)
 17142 | Lair:5   | Found a staircase to the Slime Pits.
 17153 | Lair:5   | Found a viscous altar of Jiyva.
 17721 | Lair:5   | Identified the +3 dagger of the Gloaming {pain, Dex+2}
 18743 | D:13     | Reached skill level 1 in Evocations
 18894 | D:13     | Noticed Maurice
 18918 | D:13     | Killed Maurice
 18949 | D:13     | Received a gift from Trog
 19037 | D:13     | Found a gate to the Vaults.
 20568 | D:14     | Reached XP level 15. HP: 114/122 MP: 0/15
 20881 | D:14     | Found a blossoming altar of Fedhas.
 21490 | D:15     | Entered Level 15 of the Dungeon
 21511 | D:15     | Received a gift from Trog
 21630 | D:15     | Found Fiuqiut's Distillery.
 23227 | D:15     | Found a staircase to the Depths.
 23639 | Orc:1    | Entered Level 1 of the Orcish Mines
 23973 | Orc:2    | Entered Level 2 of the Orcish Mines
 23973 | Orc:2    | Noticed Sonja
 23973 | Orc:2    | Found a runed translucent gate.
 23973 | Orc:2    | Found a runed translucent gate.
 23974 | Orc:2    | Found a runed translucent gate.
 23974 | Orc:2    | Noticed Revguard's ghost (journeyman GrFi)
 23979 | Abyss:2  | Found a corrupted altar of Lugonu.
 23979 | Abyss:2  | Found a corrupted altar of Lugonu.
 23979 | Abyss:2  | Cast into level 2 of the Abyss (Sonja)
 24024 | Abyss:2  | Received a gift from Trog
 24160 | Abyss:2  | Found a corrupted altar of Lugonu.
 24203 | Abyss:2  | Noticed a daeva
 24208 | Abyss:2  | Killed a daeva
 24262 | Orc:2    | Escaped the Abyss
 24264 | Orc:2    | Killed Sonja
 24265 | Orc:2    | Reached skill level 15 in Long Blades
 24278 | Orc:2    | Reached skill level 5 in Stealth
 24311 | Orc:1    | Identified the +7 falchion "Ocydicuh" {heavy, *Slow Fly rC+
                  | Will++ rCorr} (Trog gifted it to you on level 1 of the
                  | Orcish Mines)
 24311 | Orc:1    | Received a gift from Trog
 25134 | Orc:2    | Found Wyrr's Armour Shoppe.
 25134 | Orc:2    | Found Ivenlanyo's Antique Weapon Boutique.
 25207 | Orc:2    | Received a gift from Trog
 25431 | Orc:2    | Found Cume's General Store.
 25438 | Orc:2    | Found a staircase to the Elven Halls.
 25447 | Orc:2    | Bought the -2 hat of the Alchemist {rElec rPois rF+ rC+ rN+
                  | Will+ rMut rCorr} for 755 gold pieces
 25447 | Orc:2    | Found the -2 hat of the Alchemist {rElec rPois rF+ rC+ rN+
                  | Will+ rMut rCorr}
 25464 | Orc:2    | Found Jeusemoq's Antique Armour Shop.
 25730 | Orc:1    | Found a bloodstained altar of Trog.
 25842 | Orc:1    | Found Xewni's Antique Armour Emporium.
 26193 | Orc:2    | Bought a polished chain mail for 142 gold pieces
 26193 | Orc:2    | Identified the +8 chain mail of Bodona {rCorr SInv} (You
                  | bought it in a shop on level 2 of the Orcish Mines)
 26387 | Swamp:1  | Entered Level 1 of the Swamp
 26802 | Lair:2   | Gained mutation: You are mostly covered in slimy green
                  | scales. (AC +3) [demonic ancestry]
 26802 | Lair:2   | Reached XP level 16. HP: 82/131 MP: 2/16
 27354 | Swamp:1  | Reached skill level 5 in Evocations
 27365 | Lair:2   | Identified the +7 falchion of Chance {flame, Fly} (Trog
                  | gifted it to you on level 2 of the Lair of Beasts)
 27365 | Lair:2   | Received a gift from Trog
 27471 | Swamp:1  | Noticed Roxanne
 27480 | Swamp:1  | Killed Roxanne
 28540 | Swamp:2  | Noticed Louise
 28562 | Abyss:2  | Cast into level 2 of the Abyss (Louise)
 28630 | Abyss:2  | Noticed a bone dragon
 28648 | Abyss:2  | Killed a bone dragon
 28762 | Abyss:2  | Noticed a bone dragon
 28790 | Abyss:2  | Killed a bone dragon
 28827 | Swamp:2  | Escaped the Abyss
 28850 | Swamp:2  | Killed Louise
 29060 | Swamp:2  | Identified the +9 trident "Earthworm" {pain, rElec rC-
                  | Will+}
 29143 | Swamp:2  | Received a gift from Trog
 29186 | Swamp:2  | Noticed a thorn hunter
 29198 | Swamp:2  | Killed a thorn hunter
 31882 | Swamp:4  | Entered Level 4 of the Swamp
 31947 | Swamp:4  | Gained mutation: You have hooves in place of feet. [demonic
                  | ancestry]
 31947 | Swamp:4  | Reached XP level 17. HP: 138/138 MP: 1/17
 32121 | Swamp:4  | Reached skill level 10 in Shields
 33089 | Swamp:4  | Received a gift from Trog
 33894 | Swamp:4  | Noticed a bone dragon
 33921 | Swamp:4  | Killed a bone dragon
 33982 | Swamp:4  | Got a decaying rune of Zot
 34555 | Desolati | Identified the of Yckaot
 34555 | Desolati | Identified the of Pociudo
 34555 | Crypt:3  | Identified the "Resiod"
 34555 | Crypt:3  | Identified the "Voraxawi"
 34555 | Depths:1 | Identified the of Poadyur
 34555 | Depths:3 | Identified the "Duarras"
 34555 | Depths:3 | Identified the "Lumeopemm"
 34555 | Depths:3 | Identified the "Jeonu"
 34555 | Elf:1    | Entered Level 1 of the Elven Halls
 34845 | Elf:1    | Found a runed translucent gate.
 34845 | Elf:1    | Found a runed translucent gate.
 34858 | Elf:1    | Paralysed by an air elemental for 1 turns
 35386 | Elf:1    | Found a runed translucent gate.
 35413 | Elf:1    | Received a gift from Trog
 35419 | Elf:1    | Noticed tish's ghost (adept GnWn)
 35454 | Elf:1    | Identified the +6 dagger of Qazlal's Fury {pain, *Slow
                  | rF++}
 35762 | Elf:1    | Found a runed translucent gate.
 35762 | Elf:1    | Found a runed translucent gate.
 35762 | Elf:1    | Found a runed translucent gate.
 35762 | Elf:1    | Found a runed translucent gate.
 35762 | Elf:1    | Found a runed translucent gate.
 35763 | Elf:1    | Found a runed translucent gate.
 35773 | Elf:1    | Identified the +1 pair of gloves of Perfidy {rElec rPois
                  | Int-3 Dex+3}
 36234 | Elf:1    | Found Hegg's Neck Hole.
 36912 | Elf:2    | Found a portal to a secret trove of treasure.
 37027 | Elf:2    | Found Rocvyodi's Antique Armour Emporium.
 37030 | Elf:2    | Bought a glowing cloak for 202 gold pieces
 37268 | Elf:2    | Paralysed by an air elemental for 1 turns
 37296 | Elf:2    | Paralysed by an air elemental for 1 turns
 37430 | Elf:2    | Received a gift from Trog
 37584 | Elf:2    | Reached skill level 10 in Armour
 37694 | Elf:2    | Found a shimmering blue altar of Sif Muna.
 37741 | Elf:2    | Reached XP level 18. HP: 146/146 MP: 3/18
 37744 | Elf:2    | Found a runed translucent gate.
 37744 | Elf:2    | Found a runed translucent gate.
 37744 | Elf:2    | Found a runed translucent gate.
 37961 | Elf:2    | Upgraded the game from 0.31-a0-955-gcb8bc90ed4 to
                  | 0.31-a0-960-g0fca184906
 38210 | Vaults:1 | Entered Level 1 of the Vaults
 38428 | Vaults:1 | Identified the ring "Qifew" {Fly rElec rPois Int+6}
 38598 | Vaults:1 | Noticed Asterion
 38618 | Vaults:1 | Killed Asterion
 38627 | Vaults:1 | Received a gift from Trog
 39145 | Vaults:1 | Received a gift from Trog
 40980 | Vaults:1 | Received a gift from Trog
 41118 | Vaults:1 | Reached skill level 10 in Unarmed Combat
 41298 | Vaults:1 | Noticed Norris
 41318 | Vaults:1 | Killed Norris
 41752 | Vaults:1 | Gained mutation: Your magical and physical power is
                  | slightly enhanced at high health. [demonic ancestry]
 41752 | Vaults:1 | Reached XP level 19. HP: 135/153 MP: 0/19
 42323 | Vaults:2 | Found Wiac's Jewellery Emporium.
 42389 | Vaults:2 | Received a gift from Trog
 42461 | Vaults:2 | Found a crumbling gateway.
 42462 | Vaults:2 | Noticed Zenata
 42470 | Vaults:2 | Killed Zenata
 42482 | Desolati | Entered the Desolation of Salt
 42658 | Desolati | Received a gift from Trog
 42671 | Desolati | Reached skill level 15 in Fighting
 42824 | Desolati | Identified the +6 sling of Arawoh {flame, Fragile Dex+6
                  | Stlth+}
 43084 | Desolati | Identified the ring "Moboplun" {rF+ Will+ Dex+3}
 43393 | Desolati | Received a gift from Trog
 43776 | Desolati | Identified the +4 chain mail of the Hidden Vale {rElec
                  | Will+}
 43779 | Desolati | Identified the ring "Barph" {Fly rF+ Slay+2}
 43789 | Desolati | Identified the +1 scimitar of the Traitor {heavy, Will+
                  | Str+5}
 43801 | Desolati | Identified the +6 lajatang of Gyluser {heavy, rElec rF- rC+
                  | Str+4}
 43805 | Desolati | Identified the +1 orcbow of Xeqyh {flame, Dex+3}
 43813 | Desolati | Identified the ring "Ifahitim" {rN+ Int+3 Dex+6}
 44140 | Desolati | Identified the +0 trident "Aloj" {pain, rElec Dex-5 Stlth+}
 44856 | Vaults:2 | Received a gift from Trog
 45006 | Vaults:2 | Reached XP level 20. HP: 164/164 MP: 20/20
 45460 | Vaults:2 | Found a staircase to the Crypt.
 46057 | Vaults:3 | Reached XP level 21. HP: 153/171 MP: 6/21
 46071 | Vaults:3 | Reached skill level 10 in Evocations
 46681 | Vaults:3 | Reached skill level 10 in Stealth
 47256 | Vaults:3 | Received a gift from Trog
 48297 | Vaults:4 | Received a gift from Trog
 50149 | Vaults:4 | Received a gift from Trog
 50161 | Vaults:4 | Identified the +9 scale mail "Qaoproos" {Will++}
 50908 | Snake:1  | Entered Level 1 of the Snake Pit
 51322 | Snake:1  | Reached skill level 1 in Shapeshifting
 51906 | Snake:1  | Reached skill level 10 in Dodging
 52854 | Snake:2  | Received a gift from Trog
 52990 | Snake:2  | Found Gievatom's Book Shoppe.
 54174 | Snake:3  | Noticed Nikola
 54186 | Snake:3  | Killed Nikola
 54498 | Snake:3  | Reached XP level 22. HP: 176/180 MP: 3/22
 56033 | Snake:4  | Entered Level 4 of the Snake Pit
 56042 | Snake:4  | Received a gift from Trog
 56766 | Snake:4  | Found a runed translucent door.
 56843 | Snake:4  | Found a shimmering altar of Xom.
 56843 | Snake:4  | Noticed Wonea's ghost (journeyman FeSh)
 56851 | Snake:4  | Identified the +7 short sword of the Lurker {flame, rC+
                  | Dex+3}
 57997 | Snake:4  | Received a gift from Trog
 58223 | Snake:4  | Noticed Vashnia
 58307 | Snake:4  | Killed Vashnia
 58547 | Snake:4  | Acquired 1079 gold pieces
 58706 | Snake:4  | Reached skill level 15 in Shields
 58834 | Snake:4  | Received a gift from Trog
 59281 | Snake:4  | Got a serpentine rune of Zot
 59562 | Lair:1   | Killed Heedrag's ghost
 59782 | Lair:5   | Killed skelma's ghost
 59795 | Lair:5   | Killed ongoing's ghost
 60148 | Orc:2    | Killed Revguard's ghost
 60289 | Elf:1    | Killed tish's ghost
 60921 | Depths:1 | Entered Level 1 of the Depths
 60937 | Depths:1 | Received a gift from Trog
 61382 | Depths:1 | Received a gift from Trog
 61977 | Depths:1 | Found a gateway to Hell.
 62233 | Depths:1 | Reached XP level 23. HP: 190/190 MP: 1/23
 62435 | Depths:1 | Received a gift from Trog
 62619 | Depths:1 | Identified the +1 orcbow "Xaugih" {speed, rF+}
 62816 | Depths:1 | You are sucked into a shaft and drop 1 floor!
 63096 | Depths:1 | Found Fytioq's Armour Emporium.
 63103 | Depths:1 | Found Paxtiser's Antique Armour Boutique.
 63384 | Depths:2 | Found a one-way gate leading to the halls of Pandemonium.
 64042 | Depths:2 | Reached skill level 5 in Shapeshifting
 64233 | Depths:2 | Found a one-way gateway to a ziggurat.
 65206 | Depths:2 | Received a gift from Trog
 65337 | Depths:2 | Found the ring of the Mage {Wiz Archmagi}
 65844 | Depths:2 | Identified the ring of Zaosyigg {rF+ rN+ Int+6 Slay-5 SInv}
 66079 | Depths:3 | Noticed Frederick
 66081 | Depths:3 | Killed Frederick
 66626 | Depths:3 | Found a one-way gate to the infinite horrors of the Abyss.
 67055 | Depths:3 | Received a gift from Trog
 67089 | Depths:3 | Noticed Vv
 67111 | Depths:3 | Killed Vv
 68142 | Depths:3 | Acquired 337 gold pieces
 68183 | Depths:4 | Entered Level 4 of the Depths
 68565 | Depths:4 | Mangled by a spriggan berserker

Illustrated notes

Levels and vault maps discovered:
D:1:      evilmike_arrival_crescent, layout_loops_ring, serial_bayou,
          serial_bayou_pond_b, serial_bayou_lagoon_a, serial_bayou_pond_e,
          serial_bayou_pond_b, serial_bayou_ford_a, serial_shops,
          nicolae_shop_gaudy_bauble
D:2:      layout_basic, minmay_gold_behind_fungi
D:3:      layout_basic, mainiacjoe_overflow_alcove_4, lemuel_tele_altar,
          mainiacjoe_overflow_brackets
D:4:      layout_basic, mainiacjoe_overflow_chevrons,
          mainiacjoe_overflow_boulevard, serial_shops, nicolae_shop_stone,
          kennysheep_generic_room_9, uniq_sigmund
D:5:      minmay_angry_zag, layout_basic, overflow_temple_1_default,
          elyvilon_altar_5, minmay_temple_entry_sparse_star, serial_shops, shop
D:6:      nicolae_cairo_tiling, layout_cave_pools,
          nicolae_dithmenos_the_darkroom, nicolae_overflow_crystal_walls,
          led_xom_imps, serial_shops, nicolae_book_shop_shelving,
          hangedman_decor_riveting
D:7:      lemuel_castle_with_subvaults [lemuel_castle_interior_carwin_1],
          layout_basic, uniq_prince_ribbit1
D:8:      layout_cave_pools, grunt_qazlal_clouds,
          hellmonk_okawaru_the_only_friend_you_need, serial_gnoll_camp,
          gnoll_camp_mini_hut, gnoll_camp_mini_shop, gnoll_camp_mini_loothouse,
          gnoll_camp_mini_hut, gnoll_camp_mini_hut,
          amcnicky_mini_rare_corridor_liquid
D:9:      layout_gridville, ashenzari_conservatory_becter, old_standard_altar,
          uniq_harold, uniq_joseph, uniq_gastronok
D:10:     layout_loops_corners, mainiacjoe_overflow_catwalk,
          mainiacjoe_overflow_paths, orc_0_dummy, uniq_psyche, uniq_urug,
          uniq_josephine, uniq_erolcha
D:11:     layout_rooms, erik_lair_orcish_takeover, serial_shops, shop,
          bh_walls_and_bars
D:12:     layout_roguey, special_room [special_room_orc]
D:13:     layout_long_grid, hangedman_vaults_entry_quadrant_bands, serial_shops,
          shop, minmay_increasing_density, uniq_maurice
D:14:     layout_gridville, fedhas_altar_4, kennysheep_two_boxes
D:15:     hellmonk_depths_entry_around_the_bend, layout_irregular_city,
          serial_shops, nicolae_shop_pleasant_corner_grove, minivault_14
Temple:   nicolae_temple_bog_church
Lair:1:   layout_misc_corridors, hellmonk_ghost_happy_afterlife
Lair:2:   layout_regular_city, nicolae_swamp_entry_spooky, wad_woods_03
Lair:3:   layout_chaotic_city, minmay_snake_entry_six_corridors
Lair:4:   layout_gridlike, grunt_megastairs_4
Lair:5:   minmay_lair_end_enchanted_forest, layout_concentric_octagons,
          nicolae_slime_entry_field_trip, gammafunk_ghost_cemetery, basic_altar
Swamp:1:  layout_basic_swamp, evilmike_swamp_ruin_wall, swamp_pool3,
          uniq_roxanne
Swamp:2:  layout_falls_marsh, serial_swamp_ruin, evilmike_swamp_ruin_rubble_2,
          evilmike_swamp_ruin_house_1, swamp_pool3, hangedman_swamp_wriggling,
          uniq_louise
Swamp:3:  layout_basic_swamp, nicolae_swamp_ascending_descending
Swamp:4:  swamp_pestilence, layout_basic_swamp, swamp_pool3
Snake:1:  layout_onion, nicolae_snake_linked_coils, grunt_ministairs_14,
          grunt_megastairs_3
Snake:2:  layout_misc_corridors, serial_shops, nicolae_book_shop_shelving
Snake:3:  layout_chambers, minmay_snake_pond, nicolae_integral_box,
          lemuel_fruit_tree, serial_bayou_shore_b, uniq_nikola
Snake:4:  snake_pit_salamanders_mu, layout_cave_town, ebering_ghost_xom,
          nicolae_snake_boneroom, uniq_vashnia
Orc:1:    layout_diamond_mine, basic_altar, serial_shops, shop
Orc:2:    st_orc_open, layout_diamond_mine, ebering_ghost_rock_garden,
          mines2_david, uniq_sonja
Elf:1:    minmay_elf_arrival_summoners, layout_geoelf_grid,
          gammafunk_ghost_split, orc_legates, nicolae_shop_sticking_my_neck_out
Elf:2:    elven_hall_of_blades_hangedman_original [nicolae_blade_tridents],
          layout_geoelf_octagon, enter_trove_1, serial_shops,
          nicolae_shop_real_fake_doors, basic_altar, minivault_25_ag,
          einodemon_armed_red_devil_minivault, uniq_azrael
Vaults:1: nicolae_vaults_disjoint_gnomons, v_pattern_2,
          nicolae_vaults_tangram_2, nicolae_vaults_twisting_passages,
          nicolae_vaults_shelves_hall, v_misc_26, v_misc_14,
          nicolae_vaults_shelves_hall, nicolae_vaults_octothorpe,
          nicolae_vaults_apartment_2, nicolae_vaults_tetromino_Z_1,
          nicolae_vaults_layer_cake_slice, hangedman_vaults_hat,
          vaults_room_grunt_arrival_ludios, v_misc_22, v_misc_15,
          ontoclasm_vaults_gateway, layout_vaults_omnicross, uniq_asterion,
          uniq_norris
Vaults:2: portal_desolation_entry_nicolae_slug, nicolae_vaults_prndl,
          nicolae_vaults_mini_display_case, nicolae_vaults_trapezoid_2,
          v_misc_8, nicolae_vaults_double_plus_1, nicolae_vaults_tetromino_T_1,
          nicolae_vaults_double_plus_1, vaults_room_stairs_pillars,
          layout_vaults_omnigrid, serial_shops, shop, uniq_zenata
Vaults:3: v_pattern_5, vaults_room_door_hall, nicolae_vaults_tetromino_L_1,
          hangedman_vaults_nails, nicolae_vaults_theta, v_misc_33,
          vaults_mumra_chevron_long, nicolae_vaults_stepped_doors,
          nicolae_vaults_stairing_the_circle, vaults_room_pool,
          nicolae_vaults_little_squares_2, layout_vaults_omnibox
Vaults:4: nicolae_vaults_big_ls, nicolae_vaults_house_2,
          nicolae_vaults_steering_wheel, special_room_vaults [special_room_orc],
          nicolae_vaults_what_the_h, v_misc_11, hangedman_vaults_locks,
          nicolae_vaults_double_plus_3, hangedman_vaults_impose,
          vaults_room_stairs_pillars, nicolae_vaults_door_testing_chamber,
          nicolae_vaults_rhombus_5, layout_vaults_maze_bifur
Depths:1: layout_gridlike, grunt_hell_entry_dis_grunt, nicolae_wooded_promenade,
          minmay_orc_keep, grunt_megastairs_2
Depths:2: cross_vault, layout_cave_pools, enter_ziggurat_f, hell_entry,
          nicolae_titane, serial_column_ruins, column_ruins_grid_3,
          column_ruins_columns_water, column_ruins_open_small_water,
          column_ruins_columns_straight, column_ruins_columns_straight,
          column_ruins_open_small, rand_demon_pan_entry_3, minmay_metal_thing
Depths:3: minmay_the_grid_triangle_9x9_recursive_2_mashed
          [minmay_the_grid_triangle_9x9_prize_top_heavy,
          minmay_the_grid_triangle_9x9_zippers_vertical,
          minmay_the_grid_triangle_9x9_wacky_v,
          minmay_the_grid_triangle_9x9_corrupted_corridor], layout_honeycomb,
          solitary_fountain, abyss_entry, pf_hell_entry_tar_river,
          zin_scriptorium, uniq_vv, uniq_frederick
Depths:4: grunt_zot_entry_hairpin, layout_gridlike, lemuel_round_altar,
          hell_entry, pan_entry, kennysheep_crisscross,
          hangedman_decor_slide_cut, dancing_weapons_uskayaw, uniq_saint_roka,
          uniq_sojobo

Skill      XL: |  1  2  3  4  5  6  7  8  9 10 11 12 13 14 15 16 17 18 19 20 21 22 23 |
---------------+----------------------------------------------------------------------+-----
Dodging        | 2 3 4 5 6 7 8 9 10 | 10.6
Axes           | 3 6 7 |  7.0
Fighting       | 4 6 7 9 11 12 13 14 16 17 18 | 18.9
Armour         | 2 4 5 6 7 8 10 11 12 | 12.9
Unarmed Combat | 1 2 4 5 6 7 8 9 10 11 | 11.6
Stealth        | 1 3 5 7 8 9 11 | 11.5
Shields        | 1 4 6 7 8 9 10 12 13 14 16 17 | 17.8
Long Blades    | 7 11 12 13 14 15 16 17 18 | 18.8
Throwing       | 1 3 4 5 |  5.0
Evocations     | 2 4 6 7 8 9 10 | 10.6
Shapeshifting  | 2 4 6 |  6.1

Action                     |  1- 3 |  4- 6 |  7- 9 | 10-12 | 13-15 | 16-18 | 19-21 | 22-24 || total
---------------------------+-------+-------+-------+-------+-------+-------+-------+-------++-------
  Melee: Hand axe          |    54 |       |       |       |       |       |       |       ||    54
         War axe           |    25 |    59 |   191 |    61 |       |       |       |       ||   336
         Kick              |       |    11 |     1 |       |       |   287 |   372 |   489 ||  1160
         Demon blade       |       |       |       |   409 |   864 |  1118 |   883 |  1018 ||  4292
  Throw: Boomerang         |       |       |       |       |       |     2 |       |       ||     2
 Invoke: Berserk           |       |     1 |     4 |     4 |     3 |     2 |       |       ||    14
         Trog's Hand       |       |       |       |       |     4 |     8 |     7 |     4 ||    23
         Brothers in Arms  |       |       |       |       |       |       |     1 |       ||     1
  Evoke: Wand              |       |       |     2 |     1 |     1 |       |       |       ||     4
         Condenser vane    |       |       |       |       |     1 |     1 |     1 |       ||     3
         Lightning rod     |       |       |       |       |       |       |     1 |       ||     1
    Use: Potion            |       |       |     2 |     1 |     1 |       |     1 |     2 ||     7
         Scroll            |       |       |       |    12 |    13 |     2 |     4 |     3 ||    34
   Stab: Sleeping          |     1 |       |       |       |       |     3 |    16 |    10 ||    30
         Distracted        |       |       |       |       |     1 |     1 |     2 |     9 ||    13
         Confused          |       |       |       |       |       |     1 |       |       ||     1
 Armour: Animal skin       |    44 |     3 |       |       |       |       |       |       ||    47
         Chain mail        |       |    45 |   112 |    82 |   307 |   458 |   249 |   458 ||  1711
         Plate armour      |       |       |       |   113 |       |       |       |       ||   113
  Dodge: Dodged            |    49 |    31 |    96 |   135 |   301 |   327 |   162 |   273 ||  1374
  Block: Other             |       |    14 |    21 |       |       |       |       |       ||    35
         Kite shield       |       |       |    60 |   369 |   654 |   140 |       |       ||  1223
         Tower shield      |       |       |       |       |       |   872 |   760 |  1078 ||  2710

Table legend: (Time is in decaauts)
 A = Elapsed time spent in this place.
 B = Non-inter-level travel time spent in this place.
 C = Inter-level travel time spent in this place.
 D = Time resting spent in this place.
 E = Time spent auto-exploring this place.
 F = Levels seen in this place.
 G = Mean time per level.
                   A        B        C        D        E       F      G
               +--------+--------+--------+--------+--------+-----+--------+
         Total |  68242 |  63214 |   5028 |   8426 |  43546 |  44 | 1551.0 |
       Dungeon |  18540 |  15672 |   2868 |   1341 |  11480 |  15 | 1236.0 |
        Temple |    236 |    205 |     31 |      0 |      0 |   1 |  236.0 |
          Lair |   8497 |   7483 |   1014 |   1414 |   4947 |   5 | 1699.4 |
         Swamp |   6736 |   6549 |    187 |   1372 |   4008 |   4 | 1684.0 |
     Snake Pit |   8484 |   8280 |    204 |    830 |   6368 |   4 | 2121.0 |
  Orcish Mines |   2236 |   1963 |    273 |     16 |   1507 |   2 | 1118.0 |
   Elven Halls |   3768 |   3576 |    192 |    139 |   2924 |   2 | 1884.0 |
        Vaults |   9696 |   9528 |    168 |   1510 |   6372 |   4 | 2424.0 |
        Depths |   7451 |   7363 |     88 |   1048 |   5129 |   4 | 1862.8 |
         Abyss |    521 |    521 |      0 |     59 |      0 |   2 |  260.5 |
    Desolation |   2073 |   2073 |      0 |    695 |    810 |   1 | 2073.0 |
               +--------+--------+--------+--------+--------+-----+--------+

Top non-repeatable levels by time:
Vaults:1: 3746 daAuts
 Snake:4: 3348 daAuts
  Lair:5: 2770 daAuts
Depths:2: 2665 daAuts
   Elf:1: 2550 daAuts
Vaults:4: 2458 daAuts
  Lair:2: 2424 daAuts
Depths:1: 2359 daAuts
 Swamp:4: 2327 daAuts
 Snake:3: 2322 daAuts
Desolation: 2073 daAuts
 Swamp:2: 2069 daAuts
Depths:3: 2052 daAuts
    D:15: 2038 daAuts
    D:13: 2025 daAuts
